 Dungeon Crawl Stone Soup version 0.18-a0-1413-g4eaa9ac (webtiles) character file.

85 M4edhros the Insei (level 4, 0/28 HPs)
             Began as an Octopode Artificer on Feb 25, 2016.
             Slain by psellion's ghost (15 damage)
             ... on level 3 of the Dungeon.
             The game lasted 00:02:09 (2794 turns).

M4edhros the Insei (Octopode Artificer)             Turns: 2794, Time: 00:02:09

Health: 0/28       AC:  1    Str: 10    XL:     4   Next: 48%
Magic:  6/6        EV:  7    Int: 15    God:
Gold:   96         SH:  0    Dex: 12    Spells: 0 memorised, 3 levels left

rFire  + . .     SeeInvis .       - Unarmed
rCold  x . .     Gourm    .     (no shield)
rNeg   . . .     Faith    .     (helmet restricted)
rPois  .         Spirit   .     (no amulet)
rElec  .         Dismiss  .     i - ring of fire
rCorr  .         Reflect  .     (no ring)
SustAt .         Harm     .     (no ring)
MR     .....                    (no ring)
Stlth  +++.......               (no ring)
                                (no ring)
                                (no ring)
                                (no ring)

@: not resistant to hostile enchantments, fairly stealthy
A: almost no armour, amphibious, 8 rings, constrict 8, camouflage 1, gelatinous
body 1
a: no special abilities


You were on level 3 of the Dungeon.
You were not hungry.

You visited 1 branch of the dungeon, and saw 3 of its levels.

You collected 96 gold pieces.

Inventory:

Missiles
 k - 55 stones (quivered)
 l - 7 steel sling bullets
Jewellery
 i - a ring of fire (left tentacle)
Wands
 b - a wand of flame (15/48)
 c - a wand of enslavement (15/24)
 d - a wand of random effects (15/48)
Scrolls
 a - a scroll of identify {unknown}
 e - 4 scrolls of remove curse {unknown}
 g - a scroll of enchant weapon {unknown}
 j - a scroll of noise {unknown}
 m - a scroll of magic mapping {unknown}
Potions
 h - a potion of agility
 n - a potion of curing
 o - a potion of degeneration {unknown}
 p - a potion of beneficial mutation {unknown}
 q - a potion of ambrosia {unknown}
 r - 2 potions of cure mutation {unknown}
Comestibles
 f - 2 bread rations


   Skills:
 - Level 1.0 Fighting
   Level 1.0 Short Blades
 - Level 2.0 Dodging
 - Level 1.3 Stealth
 + Level 3.9 Unarmed Combat
 - Level 3.2 Evocations


You had 3 spell levels left.
You didn't know any spells.

Dungeon Overview and Level Annotations

Branches:
Dungeon (3/15)

Altars:

Annotations:
D:3 Ijyb; psellion's ghost, amateur HuGl


Innate Abilities, Weirdness & Mutations

You cannot wear most types of armour.
You are amphibious.
You can wear up to eight rings at the same time.
You can use your tentacles to constrict eight enemies at once.
Your skin changes colour to match your surroundings (Stealth).
Your rubbery body absorbs attacks (AC +1).


Message History

No target in view!
No target in view!
No target in view!
r - 2 amethyst potions Psellion's ghost (amateur Human Gladiator) comes into view.
Psellion's ghost turns its malevolent gaze towards you.
Psellion's ghost is nearby!
Found a scroll labeled FEBBAKHIKK.
Psellion's ghost is nearby!
An orc comes into view. It is wielding a hand axe.
Psellion's ghost hits you!
Ouch! That really hurt!
There are monsters nearby!
You completely miss psellion's ghost. Psellion's ghost closely misses you.
Ijyb the Twisted Goblin comes into view.
A worm comes into view.
There is a stone staircase leading down here.
Psellion's ghost hits you!
Ouch! That really hurt!
You die...

### ##.##.##
#...##[# ##..####
#...# #...# #...#
#...#
.#####...######
............W@##..
###..............#
.......)......#..#
.#####.†.######..#
#...# w# #...# .#
#...# . #...# ..
####.####


You could see a worm (sleeping) and psellion's ghost.

Vanquished Creatures
  2 adders (D:2)
  An ooze (D:2)
  2 worms
  3 dart slugs
  A giant gecko (D:1)
  5 bats
  2 giant cockroaches (D:1)
  8 hobgoblins
  A quokka (D:2)
  2 giant newts (D:2)
  9 goblins
  7 kobolds
  11 rats
54 creatures vanquished.

Notes
Turn   | Place    | Note
--------------------------------------------------------------
     0 | D:1      | M4edhros the Octopode Artificer began the quest for the Orb.
     0 | D:1      | Reached XP level 1. HP: 13/13 MP: 3/3
   134 | D:1      | Reached skill level 1 in Unarmed Combat
   190 | D:1      | Reached XP level 2. HP: 1/18 MP: 4/4
   703 | D:1      | Reached XP level 3. HP: 16/23 MP: 5/5
  1537 | D:2      | Reached XP level 4. HP: 17/28 MP: 6/6
  2770 | D:3      | Noticed psellion's ghost (amateur HuGl)
  2778 | D:3      | Noticed Ijyb
  2794 | D:3      | Slain by psellion's ghost

Vault maps used:
D:1:      minmay_arrival_floating_metal, corner_web_ring,
          minmay_tree_intersection
D:2:      nrook_uturn
D:3:      kennysheep_generic_room_15, uniq_iyjb, uniq_natasha, uniq_sigmund

Skill      XL: |  1  2  3 |
---------------+----------+-----
Unarmed Combat | 1 2 3 |  3.9
Fighting       | |  1.0
Short Blades   | |  1.0
Dodging        | |  2.0
Stealth        | |  1.3
Evocations     | |  3.2

Action                   |  1- 3 |  4- 6 || total
-------------------------+-------+-------++-------
Melee: Unarmed           |    81 |    41 ||   122
  Use: Potion            |     6 |       ||     6
 Stab: Sleeping          |     5 |     6 ||    11
       Distracted        |     1 |       ||     1
  Eat: Chunk             |     2 |     2 ||     4
       Bread ration      |       |     1 ||     1
